 Dungeon Crawl Stone Soup version 0.25-a0-388-g41a7e554cb (webtiles) character file.

Game seed: 10785053451712921776, levelgen mode: deterministic

23892 Borgoz the Basher (level 13, 0/84 HPs)
             Began as a Gargoyle Gladiator on Jan 7, 2020.
             Was a High Priest of Okawaru.
             Slain by Snorg (7 damage)
             ... on level 12 of the Dungeon.
             The game lasted 00:20:46 (13936 turns).

Borgoz the Basher (Gargoyle Gladiator)             Turns: 13936, Time: 00:20:47

Health: 0/84       AC: 33    Str: 22    XL:     13   Next: 9%
Magic:  16/16      EV: 12    Int:  9    God:    Okawaru [*****.]
Gold:   1028       SH:  0    Dex: 12    Spells: 12/12 levels left

rFire    + + .     SeeInvis .   a - +4 flail (protect)
rCold    + + .     Gourm    .   (no shield)
rNeg     + . .     Faith    .   q - +0 chain mail
rPois    ∞         Spirit   .   H - +2 hat {MR+}
rElec    +         Reflect  .   n - scarf {rC+ rF+}
rCorr    .         Harm     .   D - +0 pair of gloves
MR       +....                  x - +0 pair of boots
Stlth    ..........             (no amulet)
HPRegen  0.24/turn              o - ring of protection from cold
MPRegen  0.15/turn              B - ring of protection from fire

@: protection aura
A: negative energy resistance 1, electricity resistance, unbreathing,
petrification resistance, rot immunity, AC +9
a: Heroism, Finesse, Renounce Religion


You were on level 12 of the Dungeon.
You worshipped Okawaru.
Okawaru was extremely pleased with you.
You were not hungry.

You visited 2 branches of the dungeon, and saw 15 of its levels.
You also visited: Bailey.

You collected 1028 gold pieces.

Inventory:

Hand Weapons
 a - a +4 flail of protection (weapon)
 b - a +1 dire flail of holy wrath
 y - the +5 battleaxe "Emae" {holy, +Rage Dex+2, unknown}
   (You found it in a bailey)

   It has been blessed by the Shining One to cause great damage to the undead
   and demons.
   It affects your dexterity (+2).
   It lets you go berserk.
 F - a +0 morningstar
Missiles
 d - 5 throwing nets (quivered)
Armour
 n - a scarf of resistance (worn)
 q - a +0 chain mail (worn)
 x - a +0 pair of boots (worn)
 D - a +0 pair of gloves (worn)
 H - a +2 hat of magic resistance (worn)
 I - a +1 cloak
Jewellery
 c - a cursed ring of teleportation {unknown}
 o - a ring of protection from cold (left hand)
 s - an uncursed ring of ice
 B - a ring of protection from fire (right hand)
 C - an uncursed ring of fire
Wands
 e - a wand of digging (4)
 l - a wand of clouds (6)
 t - a wand of disintegration (24)
Scrolls
 g - 2 scrolls of teleportation
 h - 7 scrolls of remove curse
 i - 3 scrolls of enchant weapon
 r - 2 scrolls of fog
 w - a scroll of fear
 A - 2 scrolls of identify
 E - a scroll of blinking {unknown}
Potions
 j - 2 potions of heal wounds
 k - 8 potions of curing
 m - a potion of flight
 p - 2 potions of cancellation
 u - 2 potions of ambrosia
 v - a potion of might
 G - 2 potions of mutation {unknown}
Comestibles
 f - 29 rations
 z - 2 chunks of flesh


   Skills:
 + Level 10.8 Fighting
 + Level 13.0 Maces & Flails
 - Level 1.7 Throwing
 + Level 10.7 Armour
 + Level 8.7 Dodging
 + Level 4.7 Invocations


You had 12 spell levels left.
You didn't know any spells.
Your spell library contained the following spells:

 Spells                   Type           Power        Failure   Level  Hunger
 Corona                   Hex            #......      94%         1    ##.....
 Freeze                   Ice            #...         94%         1    ##.....
 Ensorcelled Hibernation  Hex/Ice        #.....       98%         2    ###....
 Confuse                  Hex            #.......     100%        3    ####...
 Dazzling Flash           Conj/Hex       #.....       100%        3    ####...
 Ozocubu's Armour         Chrm/Ice       #.......     100%        3    ####...
 Tukima's Dance           Hex            #.......     100%        3    ####...
 Hailstorm                Conj/Ice       #.......     100%        4    #####..
 Summon Ice Beast         Ice/Summ       #.......     100%        4    #####..


Dungeon Overview and Level Annotations

Branches:
Dungeon (14/15)            Temple (1/1) D:4            Lair (0/6) D:9
    Orc (0/2) D:12         Bailey (visited)
 Vaults: D:13-14

Altars:
Ashenzari
Cheibriados
Dithmenos
Elyvilon
Fedhas
Gozag
Hepliaklqana
Kikubaaqudgha
Makhleb
Nemelex Xobeh
Okawaru
Qazlal
Ru
Sif Muna
Trog
Uskayaw
Vehumet
Wu Jian
Xom
Yredelemnul
Zin
The Shining One

Shops:
D:10 }

Annotations:
D:12 Snorg


Innate Abilities, Weirdness & Mutations

You are resistant to torment.
Your stone body is resilient. (AC +9)
You are immune to poison.
You resist negative energy. (rN+)
You are resistant to electric shocks. (rElec)
You can survive without breathing.
You are immune to petrification.
You are immune to rotting.


Message History

Snorg bites you but does no damage. Snorg completely misses you.
Snorg barely misses you.
You hit Snorg.
Snorg is almost dead.
Snorg bites you!!
* * * LOW HITPOINT WARNING * * *
Snorg barely misses you. Snorg closely misses you.
You sock Snorg!
Snorg is almost dead.
Snorg bites you but does no damage. Snorg claws you.
* * * LOW HITPOINT WARNING * * *
Snorg closely misses you.
Throwing (i - inventory)
d - 6 throwing nets (quivered)
Press: ? - help, Shift-Dir - straight line, f/p - Snorg
Aim: Snorg (almost dead, berserk, fast, unusually strong)
You throw a throwing net. The throwing net barely misses Snorg.
Snorg bites you!
* * * LOW HITPOINT WARNING * * *
Snorg claws you!
You die...

###..### #.#....#
.#...## #.....##
##..../#
#.###.######......##
.####..............####.
........#####...........
.......## #.........#
..###..# #.......#
#..##..# ##..@...#
##.##..######..(#T..#
#..#...........##...#
###............## #...#
......#######..## #...#
...##.## ##..# #...
..###..# ##..# ... ..#
##.## ##...# .(
.#####..####..#......


You could see Snorg (berserk).

Vanquished Creatures
  Fannar (D:10)
  The ghost of bmj180 the Basher, a journeyman MiFi of Okawaru (D:11)
  Harold (D:11)
  2 two-headed ogres (D:10)
  6 death yaks (D:9)
  A tengu warrior (D:14)
  An unseen horror (D:11)
  A cyclops (D:11)
  A deep elf mage (D:12)
  An ugly thing (D:9)
  A manticore (D:12)
  Psyche (D:11)
  A centaur zombie (D:12)
  Joseph (D:12)
  A gargoyle (D:12)
  A kobold demonologist (D:11)
  A queen bee (D:11)
  2 hornets (D:11)
  Grinder (D:5)
  5 hippogriffs
  2 shadows
  5 yaks
  2 wyverns
  2 wraiths (D:12)
  2 hogs (D:10)
  A human (D:10)
  2 hungry ghosts
  Edmund (D:6)
  Duvessa (D:5)
  3 orc warriors
  3 sky beasts
  A black bear (D:9)
  4 ogres
  4 phantoms
  3 necrophages
  2 centaurs
  20 big kobolds (D:11)
  A crocodile (D:10)
  5 bullfrogs
  9 gnoll sergeants
  Dowan (D:5)
  4 scorpions
  20 killer bees
  8 wights
  3 howler monkeys
  2 electric eels (D:3)
  5 crimson imps
  A bullfrog zombie (D:8)
  2 quasits
  Crazy Yiuf (D:2)
  7 hounds
  4 jellies
  2 centaur skeletons
  9 orc wizards
  3 orc priests
  2 bullfrog skeletons
  9 gnoll shamans
  6 iguanas
  3 worker ants
  A hound skeleton (D:5)
  A worker ant zombie (D:8)
  8 adders
  56 gnolls
  4 shadow imps
  An adder skeleton (D:6)
  4 adder zombies
  6 worms
  4 dart slugs
  7 leopard geckos
  43 orcs
  3 ball pythons
  10 giant cockroaches
  6 goblins
  9 hobgoblins
  18 jackals (D:4)
  18 kobolds
  3 quokkas
  7 bats
  2 frilled lizards
  2 leopard gecko skeletons
  A leopard gecko zombie (D:6)
  A quokka zombie (D:8)
  5 rats
416 creatures vanquished.

Notes
Turn   | Place    | Note
-------+----------+-------------------------------------------
     0 | D:1      | Borgoz the Gargoyle Gladiator began the quest for the Orb.
     0 | D:1      | Reached XP level 1. HP: 12/12 MP: 1/1
   227 | D:1      | Reached XP level 2. HP: 18/18 MP: 2/2
   583 | D:1      | Reached skill level 1 in Armour
   583 | D:1      | Reached XP level 3. HP: 16/22 MP: 3/3
  1676 | D:2      | Reached XP level 4. HP: 27/27 MP: 4/4
  1836 | D:2      | Reached skill level 4 in Maces & Flails
  1842 | D:2      | Reached XP level 5. HP: 5/32 MP: 5/5
  2554 | D:2      | Found a runed translucent door.
  2555 | D:2      | Noticed Crazy Yiuf
  2564 | D:2      | Killed Crazy Yiuf
  2745 | D:3      | You fall into a shaft and drop 3 floors!
  2807 | D:6      | Noticed an ogre
  2815 | D:6      | Killed an ogre
  2815 | D:6      | Reached XP level 6. HP: 24/38 MP: 6/6
  3003 | D:6      | Noticed an orc warrior
  3014 | D:6      | Killed an orc warrior
  3014 | D:6      | Reached skill level 5 in Maces & Flails
  3022 | D:6      | Reached XP level 7. HP: 12/43 MP: 7/7
  3071 | D:5      | Entered Level 5 of the Dungeon
  3071 | D:5      | Noticed Duvessa
  3071 | D:5      | Noticed Dowan
  3425 | D:5      | Killed Duvessa
  3434 | D:5      | Killed Dowan
  3731 | D:5      | Reached skill level 6 in Maces & Flails
  3819 | D:4      | Found an iron altar of Okawaru.
  3841 | D:4      | Became a worshipper of Warmaster Okawaru
  3883 | D:4      | Reached XP level 8. HP: 44/48 MP: 8/8
  4005 | D:4      | Found a staircase to the Ecumenical Temple.
  4022 | Temple   | Entered the Ecumenical Temple
  4291 | D:3      | Found a transporter.
  4314 | D:3      | Found an iron altar of Okawaru.
  4498 | D:3      | Found a transporter.
  4815 | D:4      | Reached skill level 5 in Fighting
  5100 | D:4      | Reached * piety under Okawaru
  5151 | D:4      | Reached skill level 7 in Maces & Flails
  5275 | D:4      | Reached skill level 5 in Armour
  5605 | D:5      | Found a shadowy altar of Dithmenos.
  5792 | D:5      | Reached XP level 9. HP: 55/55 MP: 9/9
  5807 | D:5      | Noticed Grinder
  5816 | D:5      | Paralysed by Grinder for 6 turns
  5824 | D:5      | Killed Grinder
  6421 | D:6      | Reached skill level 8 in Maces & Flails
  6510 | D:6      | Reached skill level 5 in Dodging
  6565 | D:6      | Found a white marble altar of Elyvilon.
  6566 | D:6      | Found a sparkling altar of Nemelex Xobeh.
  6780 | D:6      | Noticed Edmund
  6793 | D:6      | Killed Edmund
  7055 | D:7      | Reached ** piety under Okawaru
  7467 | D:8      | Reached skill level 9 in Maces & Flails
  7477 | D:8      | Reached *** piety under Okawaru
  7847 | D:8      | Reached XP level 10. HP: 63/63 MP: 10/10
  8169 | D:9      | Noticed a death yak
  8169 | D:9      | Noticed a death yak
  8174 | D:9      | Noticed a death yak
  8178 | D:9      | Noticed a death yak
  8180 | D:9      | Noticed a death yak
  8181 | D:9      | Noticed a death yak
  8200 | D:9      | Killed a death yak
  8200 | D:9      | Reached **** piety under Okawaru
  8217 | D:9      | Killed a death yak
  8217 | D:9      | Reached skill level 10 in Maces & Flails
  8236 | D:9      | Killed a death yak
  8244 | D:9      | Killed a death yak
  8244 | D:9      | Reached ***** piety under Okawaru
  8253 | D:9      | Killed a death yak
  8253 | D:9      | Reached XP level 11. HP: 23/69 MP: 11/11
  8264 | D:9      | HP: 2/69 [death yak (4)]
  8272 | D:9      | Killed a death yak
  8272 | D:9      | Reached skill level 11 in Maces & Flails
  8274 | D:9      | Found a staircase to the Lair.
  8478 | D:9      | You fall into a shaft and drop 1 floor!
  8478 | D:10     | Entered Level 10 of the Dungeon
  8478 | D:10     | Noticed Joseph
  8483 | D:10     | Noticed a two-headed ogre
  8506 | D:10     | Killed a two-headed ogre
  8838 | D:10     | Received a gift from Okawaru
  9026 | D:10     | Noticed a two-headed ogre
  9037 | D:10     | Killed a two-headed ogre
  9078 | D:10     | Found Xonec's Gadget Emporium.
  9203 | D:10     | Noticed Fannar
  9236 | D:10     | Killed Fannar
  9445 | D:10     | Received a gift from Okawaru
  9842 | D:9      | Reached skill level 12 in Maces & Flails
 10059 | D:9      | Noticed a green ugly thing
 10072 | D:9      | Killed a green ugly thing
 10224 | D:10     | Reached XP level 12. HP: 73/76 MP: 12/12
 10281 | D:11     | Noticed Harold
 10309 | D:11     | Killed Harold
 10389 | D:11     | Found a flagged portal.
 10398 | Bailey   | Entered a bailey
 10752 | Bailey   | Got an ebony battleaxe
 10958 | D:11     | Reached skill level 1 in Invocations
 11071 | D:11     | Noticed bmj180's ghost (journeyman MiFi)
 11080 | D:11     | Found a transporter.
 11084 | D:11     | Found a transporter.
 11158 | D:11     | Reached skill level 10 in Fighting
 11441 | D:11     | You fall into a shaft and drop 3 floors!
 11531 | D:14     | Reached skill level 10 in Armour
 11824 | D:14     | Found a white marble altar of Elyvilon.
 11829 | D:14     | Noticed a tengu warrior
 11850 | D:14     | Killed a tengu warrior
 11850 | D:14     | Received a gift from Okawaru
 11903 | D:12     | Found a staircase to the Orcish Mines.
 12130 | D:12     | Found a bloodstained altar of Trog.
 12756 | D:11     | Noticed Psyche
 12778 | D:11     | Killed Psyche
 13468 | D:11     | Killed bmj180's ghost
 13468 | D:11     | Reached XP level 13. HP: 74/83 MP: 16/16
 13495 | D:11     | Reached skill level 13 in Maces & Flails
 13873 | D:12     | Killed Joseph
 13907 | D:12     | Noticed Snorg
 13936 | D:12     | Slain by Snorg

Levels and vault maps discovered:
D:1:      dpeg_arrival_pits, layout_loops_corners
D:2:      layout_basic, uniq_crazy_yiuf_cottage
D:3:      gammafunk_steamed_eel, layout_rooms, nicolae_overflow_crystal_walls
D:4:      lemuel_castle_with_subvaults [lemuel_castle_interior_carwin_1],
          layout_gridville, minmay_temple_entry_large_hall, okawaru_gym_becter
D:5:      layout_basic, nicolae_dithmenos_through_a_glass_darkly, serial_bayou,
          serial_bayou_pond_d, serial_bayou_pond_d, serial_bayou_shore_b,
          serial_bayou_shore_b, serial_bayou_ford_a, first_ration, uniq_duvessa,
          uniq_grinder
D:6:      layout_basic, gammafunk_temple_overflow_pools, uniq_edmund
D:7:      layout_rooms
D:8:      layout_rooms
D:9:      layout_roguey, dpeg_lair_monsters
D:10:     layout_loops_ring, serial_shops, nicolae_shop_trees, grunt_livestock,
          corexii_corridor_pit, grunt_ministairs_7, uniq_joseph, uniq_fannar
D:11:     layout_roguey [special_room_kobold], enter_bailey_2,
          gammafunk_ghost_hive, uniq_harold, uniq_psyche
D:12:     layout_layer_cave, orc_0_dummy, basic_altar, uniq_snorg
D:13:     layout_layer_cave, serial_shops, kennysheep_little_box,
          minmay_door_square, trog_wizard, uniq_erolcha
D:14:     layout_roguey [special_room_bee], lightli_vaults_fourway_checkpoint,
          basic_altar, lemuel_altar_in_water, uniq_roxanne
Temple:   dpeg_five_rooms_temple

Skill      XL: |  1  2  3  4  5  6  7  8  9 10 11 12 13 |
---------------+----------------------------------------+-----
Armour         | 1 2 3 4 5 6 8 9 10 | 10.7
Fighting       | 3 4 5 7 8 9 10 | 10.8
Maces & Flails | 4 5 6 7 9 10 12 13 | 13.0
Dodging        | 3 4 5 6 7 8 |  8.7
Invocations    | 4 |  4.7
Throwing       | |  1.7

Action                   |  1- 3 |  4- 6 |  7- 9 | 10-12 | 13-15 || total
-------------------------+-------+-------+-------+-------+-------++-------
Melee: Flail             |   159 |   106 |   134 |   985 |    82 ||  1466
       Mace              |       |       |   322 |       |       ||   322
       Dire flail        |       |       |   105 |    86 |       ||   191
Throw: Throwing net      |     1 |     1 |       |     5 |     5 ||    12
Invok: Heroism           |       |       |       |     3 |       ||     3
Evoke: Wand              |       |       |     3 |       |       ||     3
  Use: Scroll            |     6 |       |     7 |    11 |       ||    24
       Potion            |       |     3 |       |     8 |       ||    11
 Stab: Held in net/web   |     1 |     1 |       |       |     2 ||     4
  Eat: Chunk             |     3 |     4 |    16 |    24 |       ||    47
       Ration            |       |       |       |       |     1 ||     1
Armor: Leather armour    |    72 |       |       |       |       ||    72
       Chain mail        |    20 |    88 |   456 |   683 |    55 ||  1302
Dodge: Dodged            |   129 |    58 |   343 |   694 |    99 ||  1323

Table legend:
 A = Non-vault XP
 B = Vault XP
 C = Vault XP percentage of total XP
 D = Non-vault monster count
 E = Vault monster count
 F = Vault count percentage of total count
                 A         B        C        D         E       F
            +---------+---------+-------+---------+---------+-------
      Total |   17335 |   16797 |  49.2 |     272 |     144 |  34.6
            +---------+---------+-------+---------+---------+-------
        D:1 |      54 |       0 |   0.0 |      26 |       0 |   0.0
        D:2 |     152 |      44 |  22.4 |      29 |       1 |   3.3
        D:3 |     109 |     104 |  48.8 |      20 |       2 |   9.1
        D:4 |     145 |     733 |  83.5 |      19 |      53 |  73.6
        D:5 |     342 |     493 |  59.0 |      19 |       3 |  13.6
        D:6 |     643 |     176 |  21.5 |      23 |       1 |   4.2
        D:7 |     484 |       0 |   0.0 |       6 |       0 |   0.0
        D:8 |    1732 |       0 |   0.0 |      26 |       0 |   0.0
        D:9 |    1989 |    5242 |  72.5 |      21 |       6 |  22.2
       D:10 |    3654 |    2286 |  38.5 |      20 |       8 |  28.6
       D:11 |    2621 |    6063 |  69.8 |      21 |      39 |  65.0
       D:12 |    3429 |     445 |  11.5 |      22 |       1 |   4.3
       D:13 |     204 |       0 |   0.0 |       1 |       0 |   0.0
       D:14 |    1777 |       0 |   0.0 |      19 |       0 |   0.0
     Bailey |       0 |    1211 | 100.0 |       0 |      30 | 100.0
            +---------+---------+-------+---------+---------+-------
